 Dungeon Crawl Stone Soup version 0.25.1-2-g60ff931df9 (webtiles) character file.

Game seed: 11739515921631461667

1245 funkygono the Gusty (level 8, -3/61 HPs)
             Began as a Black Draconian Air Elementalist on Nov 28, 2020.
             Was an Initiate of Sif Muna.
             Slain by an orc warrior
             ... wielding the +7 battleaxe of Burnt Defence {drain, rC- rN++ Str+8 SInv}
              (19 damage)
             ... on level 5 of the Dungeon.
             The game lasted 00:13:34 (6611 turns).

funkygono the Gusty (DrAE)                          Turns: 6611, Time: 00:13:34

Health: -3/61      AC:  8    Str: 10    XL:     8   Next: 25%
Magic:  14/15      EV: 12    Int: 18    God:    Sif Muna [......]
Gold:   163        SH:  0    Dex: 12    Spells: 1/16 levels left

rFire    + . .     SeeInvis .   i - +3 mace (protect)
rCold    x . .     Gourm    .   (no shield)
rNeg     . . .     Faith    .   (armour unavailable)
rPois    .         Spirit   .   (helmet restricted)
rElec    +         Reflect  .   q - +1 cloak
rCorr    .         Harm     .   (no gloves)
MR       +....                  (no boots)
Stlth    ++........             (no amulet)
HPRegen  0.20/turn              m - ring of fire
MPRegen  0.14/turn              r - ring of protection from magic

@: lightly drained
A: breathe lightning, unfitting armour, electricity resistance, cold-blooded, AC
+6
a: Breathe Lightning, Renounce Religion


You were on level 5 of the Dungeon.
You worshipped Sif Muna.
Sif Muna was noncommittal.
You were not hungry.

You visited 2 branches of the dungeon, and saw 6 of its levels.

You collected 163 gold pieces.

Inventory:

Hand Weapons
 i - a +3 mace of protection (weapon)
 u - a +2 quarterstaff of draining
Armour
 a - a +1 kite shield of fire resistance
 q - a +1 cloak (worn)
Jewellery
 m - a ring of fire (left hand)
 r - a ring of protection from magic (right hand)
Wands
 c - a wand of flame (12)
 d - a wand of clouds (5)
Scrolls
 e - 2 scrolls of teleportation
 f - 3 scrolls of remove curse
 k - 3 scrolls of identify
 s - a scroll of amnesia
Potions
 g - 3 potions of haste
 h - a potion of berserk rage
 j - a potion of lignification {unknown}
 l - a potion of flight {unknown}
 n - a potion of resistance {unknown}
 o - a potion of curing
 p - 3 potions of stabbing {unknown}
Comestibles
 b - 9 rations


   Skills:
 + Level 2.2(1.8) Fighting
 + Level 2.6(2.2) Maces & Flails
 + Level 2.8(2.3) Dodging
 + Level 2.0(1.6) Stealth
 * Level 4.9(4.5) Spellcasting
 * Level 4.4(3.9) Conjurations
 * Level 2.6(2.2) Charms
 * Level 6.5(6.0) Air Magic


You had one spell level left.
You knew the following spells:

 Your Spells              Type           Power        Failure   Level  Hunger
a - Shock                 Conj/Air       ###.         1%          1    None
b - Swiftness             Chrm/Air       ###.....     3%          2    #......
c - Static Discharge      Conj/Air       ###.....     5%          3    ###....
d - Airstrike             Air            ####......   12%         4    ####...
e - Lightning Bolt        Conj/Air       ###.......   43%         5    ######.

Your spell library contained the following spells:

 Spells                   Type           Power        Failure   Level  Hunger


Dungeon Overview and Level Annotations

Branches:
Dungeon (5/15)             Temple (1/1) D:5

Altars:
Ashenzari
Cheibriados
Dithmenos
Elyvilon
Fedhas
Gozag
Hepliaklqana
Kikubaaqudgha
Makhleb
Nemelex Xobeh
Okawaru
Qazlal
Ru
Sif Muna
Trog
Uskayaw
Vehumet
Wu Jian
Xom
Yredelemnul
Zin
The Shining One
Beogh

Shops:
D:5 *

Annotations:
D:5 gbos's ghost, amateur DsBe


Innate Abilities, Weirdness & Mutations

You can breathe wild blasts of lightning.
Your glossy black scales are hard. (AC +6)
You cannot fit into any form of body armour.
You are resistant to electric shocks. (rElec)
You are cold-blooded and may be slowed by cold attacks.


Message History

You see here 3 boomerangs.
Gbos's ghost wails.
The orc priest invokes the aid of Beogh against you.
Beogh smites you!
* * * LOW HITPOINT WARNING * * *
Casting: Shock (safe; 1% risk of failure)
Confirm with . or Enter, or press ? or * to list all spells.
Aiming: Shock (safe; 1% risk of failure)
Press: ? - help, Shift-Dir - straight line, f - orc warrior
Aim: an orc warrior, wielding the +7 battleaxe of Burnt Defence {drain, rC- rN++ Str+8 SInv} and wearing the +3 chain mail "Totila Posu" {Str+3 Slay+3} The zap hits the orc warrior.
The orc warrior is lightly wounded.
The zap hits the orc.
You kill the orc!
Sif Muna accepts your kill.
The zap hits the orc.
The orc is moderately wounded.
The zap misses the orc priest.
The orc warrior hits you with the +7 battleaxe of Burnt Defence {drain, rC- rN++ Str+8 SInv}!!
You die...

### #######8#
8.....#.# ..##..#@#
# ..8#..#o# ##
..##..#.# .##
....#.#o# ..#
[...#Wo(## #.##
###_.8.#o'o.# ...#
#.#[...#o'..#
.#.####.#....#o#..#
........#..##..#..#


You could see an orc warrior, an orc priest, gbos's ghost and 5 orcs.

Vanquished Creatures
  Eustachio (D:5)
  2 ice beasts (D:5)
  2 ogres (D:5)
  A centaur (D:5)
  A scorpion (D:4)
  A crimson imp (D:5)
  2 hounds
  3 orc priests
  3 orc wizards
  A bullfrog skeleton (D:3)
  2 iguanas (D:5)
  Terence (D:2)
  3 worker ants
  A hound zombie (D:5)
  Robin (D:2)
  4 adders (D:3)
  An adder skeleton (D:5)
  8 worms
  3 dart slugs
  2 leopard geckos (D:3)
  12 orcs
  3 ball pythons
  7 bats
  5 giant cockroaches
  15 goblins
  10 hobgoblins
  13 jackals
  6 kobolds
  A quokka (D:5)
  8 frilled lizards
  A quokka skeleton (D:4)
  4 rats
128 creatures vanquished.

Notes
Turn   | Place    | Note
-------+----------+-------------------------------------------
     0 | D:1      | funkygono the Draconian Air Elementalist began the quest
                  | for the Orb.
     0 | D:1      | Reached XP level 1. HP: 14/14 MP: 3/3
   344 | D:1      | Reached XP level 2. HP: 20/20 MP: 1/5
   402 | D:1      | Learned a level 2 spell: Swiftness
   722 | D:1      | Reached XP level 3. HP: 24/26 MP: 0/6
  1045 | D:2      | Found a burning altar of Makhleb.
  1056 | D:2      | Reached XP level 4. HP: 13/33 MP: 4/7
  1064 | D:2      | Learned a level 3 spell: Static Discharge
  1381 | D:2      | Reached skill level 4 in Air Magic
  1649 | D:2      | Found a glowing silver altar of Zin.
  1654 | D:2      | Found a glowing golden altar of the Shining One.
  1663 | D:2      | Found a sacrificial altar of Ru.
  1700 | D:2      | Noticed Terence
  1723 | D:2      | Killed Terence
  1723 | D:2      | Reached skill level 1 in Fighting
  1848 | D:2      | Noticed Robin
  1866 | D:2      | Killed Robin
  2019 | D:2      | Reached XP level 5. HP: 40/40 MP: 1/9
  2715 | D:3      | Reached skill level 1 in Charms
  3225 | D:3      | Learned a level 4 spell: Airstrike
  3335 | D:3      | Reached XP level 6. HP: 34/48 MP: 5/10
  3935 | D:4      | Found a blossoming altar of Fedhas.
  4107 | D:4      | Reached skill level 1 in Maces & Flails
  4710 | D:5      | Entered Level 5 of the Dungeon
  4715 | D:5      | Your scales start taking on a glossy black colour.
  4715 | D:5      | Reached skill level 5 in Air Magic
  4715 | D:5      | Reached XP level 7. HP: 53/53 MP: 6/12
  4715 | D:5      | Gained mutation: You are resistant to electric shocks.
                  | (rElec) [Black Draconian growth]
  4761 | D:5      | Found a white marble altar of Elyvilon.
  5007 | D:5      | Found Eloxes's Elemental Accessories.
  5114 | D:5      | Found a staircase to the Ecumenical Temple.
  5231 | D:5      | Noticed Eustachio
  5263 | Temple   | Entered the Ecumenical Temple
  5500 | Temple   | Became a worshipper of Sif Muna the Loreminder
  5694 | D:5      | Reached skill level 6 in Air Magic
  5728 | D:5      | Killed Eustachio
  5982 | D:5      | Reached XP level 8. HP: 61/61 MP: 4/14
  5993 | D:5      | Learned a level 5 spell: Lightning Bolt
  6501 | D:5      | Found a runed translucent gate.
  6502 | D:5      | Found a runed translucent gate.
  6502 | D:5      | Identified the +7 battleaxe of Burnt Defence {drain, rC-
                  | rN++ Str+8 SInv}
  6502 | D:5      | Identified the +3 chain mail "Totila Posu" {Str+3 Slay+3}
  6502 | D:5      | Identified the +6 dagger of Nourph {flame, Dex+4}
  6503 | D:5      | Found a runed translucent gate.
  6504 | D:5      | Found a roughly hewn altar of Beogh.
  6506 | D:5      | Noticed gbos's ghost (amateur DsBe)
  6611 | D:5      | Slain by an orc warrior

Illustrated notes

Levels and vault maps discovered:
D:1:      minmay_arrival_up_and_down, layout_basic
D:2:      layout_basic, makhleb_heckhound_becter,
          minmay_overflow_temple_star_quad, uniq_robin, uniq_terence
D:3:      layout_basic, first_ration
D:4:      layout_loops_ring, lemuel_coloured_pillars_altar
D:5:      layout_basic, minmay_temple_entry_statues_pillars,
          biasface_ghost_orc_armoury, nicolae_elemental_shop, elyvilon_altar_4,
          uniq_eustachio
Temple:   bh_familiar_temple

Skill      XL: |  1  2  3  4  5  6  7 |
---------------+----------------------+-----
Conjurations   | 2 3 4 |  4.4
Air Magic      | 4 5 6 |  6.5
Fighting       | 1 2 |  2.2
Dodging        | 2 |  2.8
Charms         | 1 2 |  2.6
Spellcasting   | 3 4 |  4.9
Maces & Flails | 1 2 |  2.6
Stealth        | 2 |  2.0

Action                   |  1- 3 |  4- 6 |  7- 9 || total
-------------------------+-------+-------+-------++-------
Melee: Club              |    58 |    20 |       ||    78
       Unarmed           |     6 |       |       ||     6
       Tailslap          |     5 |    13 |     3 ||    21
       Mace              |       |    76 |    44 ||   120
 Cast: Shock             |    52 |   139 |    82 ||   273
       Static Discharge  |       |     4 |     4 ||     8
       Swiftness         |       |       |     1 ||     1
       Airstrike         |       |       |     1 ||     1
 Abil: Breathe Lightning |       |       |     1 ||     1
Evoke: Wand              |       |       |     2 ||     2
  Use: Scroll            |     2 |     9 |       ||    11
       Potion            |       |       |     1 ||     1
  Eat: Chunk             |     1 |    13 |     5 ||    19
       Ration            |       |       |     1 ||     1
Armor: Skin              |    28 |    37 |    27 ||    92
Dodge: Dodged            |    62 |    72 |    54 ||   188
